 Dungeon Crawl Stone Soup version 0.30.1-11-g7821555f0a (webtiles) character file.

Game seed: 3174701706362531893

5014 Arctor the Shield-Bearer (level 10, -2/85 HPs)
             Began as a Human Fighter on Jan 14, 2024.
             Was an Elder of Ashenzari.
             Killed from afar by an electric eel (9 damage)
             ... with a bolt of electricity
             ... on level 1 of the Lair of Beasts.
             The game lasted 00:14:44 (11182 turns).

Arctor the Shield-Bearer (Human Fighter)           Turns: 11182, Time: 00:14:44

Health: -2/85      AC: 10    Str: 20    XL:     10   Next: 84%
Magic:  19/19      EV:  9    Int:  9    God:    Ashenzari [****..]
Gold:   549        SH:  6    Dex: 11    Spells: 9/9 levels left

rFire   + + +        l - +5 rapier of the Ruined Malaise {distort, *Corrode rF+ rC+, Evo, Elem} (curse)
rCold   + . .        c - +0 buckler of Ashenzari's Absolutism {Range, Cun} (curse)
rNeg    . . .        b - +0 scale mail of the Enlightened Sphere {Self, Comp} (curse)
rPois   .            (no helmet)
rElec   .            (no cloak)
rCorr   .            h - +0 pair of gloves of the Eye in the Sky {Fort, Range} (curse)
SInv    +            (no boots)
Will    .....        q - amulet "Bound With Me" {RegenMP, Alch, Fort} (curse) Stlth
                     z - ring "Stickiness of Ashenzari" {MP+9, Self, Fort} (curse)
HPRegen 0.34/turn    o - ring "Enlightened Prison" {rF+, Elem, Fort} (curse)
MPRegen 0.56/turn

%: corrode self (3%), clarity
@: no status effects
A: clumsy 1, fire resistance 1, noise suppression
a: Renounce Religion, Curse Item, Shatter the Chains


You were on level 1 of the Lair of Beasts.
You worshipped Ashenzari.
Ashenzari was greatly pleased with you.
You visited 2 branches of the dungeon, and saw 11 of its levels.
You also visited: Sewer.

You collected 549 gold pieces.

Inventory:

Hand Weapons
 a - a +2 war axe of freezing
 l - the cursed +5 rapier of the Ruined Malaise (weapon) {distort, *Corrode rF+ rC+, Evo, Elem}
   (You found it on level 6 of the Dungeon)

   rF:        It protects you from fire.
   rC:        It protects you from cold.
   *Corrode:  It may corrode you when you take damage.
   It has a curse which improves the following skills: Evocations: Evocations.
   Elements:  Fire Magic, Ice Magic, Air Magic and Earth Magic.
 y - a +4 war axe of flaming
Missiles
 r - 12 boomerangs (quivered)
Armour
 b - the cursed +0 scale mail of the Enlightened Sphere (worn) {Self, Comp}

   It has a curse which improves the following skills: Introspection: Fighting
   and Spellcasting.
   Companions: Summonings and Necromancy.
 c - the cursed +0 buckler of Ashenzari's Absolutism (worn) {Range, Cun}

   It has a curse which improves the following skills: Ranged Combat: Ranged
   Weapons and Throwing.
   Cunning:   Dodging and Stealth.
 h - the cursed +0 pair of gloves of the Eye in the Sky (worn) {Fort, Range}
   (You found it on level 1 of the Dungeon)

   It has a curse which improves the following skills: Fortitude: Armour and
   Shields.
   Ranged Combat: Ranged Weapons and Throwing.
Jewellery
 f - a ring of protection from cold
 j - a ring of see invisible
 o - the cursed ring "Enlightened Prison" (right hand) {rF+, Elem, Fort}
   (You found it on level 2 of the Dungeon)

   [ring of protection from fire]

   rF:        It protects you from fire.
   It has a curse which improves the following skills: Elements: Fire Magic, Ice
   Magic, Air Magic and Earth Magic.
   Fortitude: Armour and Shields.
 q - the cursed amulet "Bound With Me" (around neck) {RegenMP, Alch, Fort}
   (You found it on level 4 of the Dungeon)

   [amulet of magic regeneration]

   It increases your rate of magic regeneration.
   It has a curse which improves the following skills: Alchemy: Poison Magic and
   Transmutations.
   Fortitude: Armour and Shields.
 z - the cursed ring "Stickiness of Ashenzari" (left hand) {MP+9, Self, Fort}
   (You found it on level 8 of the Dungeon)

   [ring of magical power]

   MP:        It affects your magic capacity (+9).
   It has a curse which improves the following skills: Introspection: Fighting
   and Spellcasting.
   Fortitude: Armour and Shields.
Wands
 s - a wand of iceblast (16)
 B - a wand of paralysis (4)
Scrolls
 g - a scroll of noise
 k - 2 scrolls of teleportation
 m - 5 scrolls of amnesia
 t - 2 scrolls of fear
 w - 3 scrolls of fog
 A - a scroll of magic mapping
Potions
 e - 6 potions of heal wounds
 i - 2 potions of invisibility
 p - 2 potions of resistance
 v - 5 potions of magic
 x - a potion of mutation


   Skills:
 + Level 7.2(10.0) Fighting
 + Level 5.2 Short Blades
 + Level 6.9 Axes
 + Level 5.3(8.0) Ranged Weapons
 + Level 7.2(11.5) Armour
 + Level 7.2(11.5) Shields


You had 9 spell levels left.
You didn't know any spells.
Your spell library contained the following spells:

 Spells                   Type           Power      Damage    Failure   Level
 Sting                    Tmut/Pois      0%         1d3       67%         1
 Poisonous Vapours        Pois/Air       0%         N/A       80%         2
 Sublimation of Blood     Necr           0%         N/A       82%         2
 Wereblood                Tmut           0%         N/A       82%         2
 Mephitic Cloud           Conj/Pois/Air  0%         N/A       96%         3
 Olgreb's Toxic Radiance  Pois           0%         N/A       100%        4
 Silence                  Hex/Air        0%         N/A       100%        5
 Ozocubu's Refrigeration  Ice            0%         4d7       100%        7
 Summon Hydra             Summ           0%         N/A       100%        7


Dungeon Overview and Level Annotations

Branches:
Dungeon (10/15)            Temple (0/1) D:4            Lair (1/5) D:10
  Sewer (visited)
    Orc: D:9-12

Altars:
Ashenzari
Gozag
Makhleb
Nemelex Xobeh
Uskayaw
Vehumet
Wu Jian

Shops:
D:1 [


Innate Abilities, Weirdness & Mutations

You are clumsy. (Dex -2)
Your flesh is heat resistant. (rF+)
You passively dampen the noise of your surroundings.


Message History

a hound corpse; a hound skeleton You now have 549 gold pieces (gained 12).
Found a stone staircase leading down.
No target in view!
There is a stone staircase leading down here.
You enter the shallow water.
Moving in this stuff is going to be slow.
An electric eel is nearby!
An electric eel is nearby!
An electric eel is nearby!
The electric eel shoots out a bolt of lightning at you!
The bolt of electricity hits you!
There are monsters nearby!
The electric eel shoots out a bolt of lightning at you!
The bolt of electricity hits you!
The electric eel shoots out a bolt of lightning at you!
The bolt of electricity hits you.
The electric eel shoots out a bolt of lightning at you!
The bolt of electricity hits you!
The electric eel shoots out a bolt of lightning at you!
The bolt of electricity hits you!
The electric eel shoots out a bolt of lightning at you!
The bolt of electricity hits you.
The electric eel shoots out a bolt of lightning at you!
The bolt of electricity hits you!
There is a staircase to the Lair here.
You can't go up here!
The electric eel shoots out a bolt of lightning at you!
The bolt of electricity hits you!
* * * LOW HITPOINT WARNING * * *
The electric eel shoots out a bolt of lightning at you!
The bolt of electricity hits you!
* * * LOW HITPOINT WARNING * * *
You climb downwards.
Welcome to the Lair of Beasts!
The water moccasin hisses angrily.
Found a potion of cancellation.
There is a staircase back to the Dungeon here.
The electric eel shoots out a bolt of lightning at you!
The bolt of electricity hits you!
You die...

, * .###........*,
, * ,
...~~~~.~.##* , ,
* #.~≈≈≈≈≈~~.##
*,* ,, *
#.~≈≈≈≈≈≈~..# * ,*
* *, #≈≈≈≈≈≈≈≈~~.#
, * *
*#.≈~≈~≈≈≈≈S.#**,
* , ##~F≈~.≈~≈~~.P
,, *
,.#P..~.<..~.S.. ,
* ....!..@..~....
,, *
,.....#...####..,*
* ........##**, *
** .###P..## {, ,
** ,* ###. { ,, ,
* , * #.,,,, * **
*, *#.,, ** ** * *
..* * * , * , * ,


You could see a water moccasin, a bullfrog and an electric eel.

Vanquished Creatures
  A two-headed ogre (D:10)
  A troll (D:10)
  A hornet (D:8)
  Prince Ribbit (D:8)
  A water moccasin (D:6)
  An orc warrior (D:9)
  A wolf (D:9)
  3 centaurs
  2 kobold brigands (Sewer)
  2 bullfrogs
  A gnoll sergeant (D:9)
  4 scorpions
  7 wights (D:8)
  19 killer bees
  An electric eel (D:10)
  A jelly (D:8)
  6 hounds
  An iguana (D:6)
  7 orc priests
  5 orc wizards
  Robin (D:3)
  5 gnolls
  7 adders
  3 white imps
  A worm (D:3)
  4 dart slugs
  41 orcs
  5 bats
  11 endoplasms
  10 giant cockroaches
  15 goblins
  13 hobgoblins
  4 jackals (D:3)
  2 quokkas
  9 ball pythons
  6 frilled lizards
  25 kobolds
  9 rats
237 creatures vanquished.

Notes
Turn   | Place    | Note
-------+----------+-------------------------------------------
     0 | D:1      | Arctor the Human Fighter began the quest for the Orb.
     0 | D:1      | Reached XP level 1. HP: 18/18 MP: 1/1
    16 | D:1      | Found Edutwuotz's Armour Boutique.
   134 | D:1      | Reached XP level 2. HP: 23/24 MP: 2/2
   475 | D:1      | Reached XP level 3. HP: 29/29 MP: 3/3
  1530 | D:3      | Reached XP level 4. HP: 35/35 MP: 4/4
  1678 | D:3      | Found a broken altar of Ashenzari.
  1680 | D:3      | Noticed Robin
  1695 | D:3      | Killed Robin
  1696 | D:3      | Reached XP level 5. HP: 25/41 MP: 5/5
  1697 | D:3      | Became a worshipper of Ashenzari the Shackled
  2505 | D:4      | Found a staircase to the Ecumenical Temple.
  2533 | D:4      | Reached XP level 6. HP: 29/48 MP: 6/6
  2603 | D:4      | Found a radiant altar of Vehumet.
  2827 | D:4      | Reached XP level 7. HP: 50/55 MP: 7/7
  2938 | D:4      | Reached * piety under Ashenzari
  3259 | D:5      | Entered Level 5 of the Dungeon
  3559 | D:5      | Reached skill level 1 in Ranged Weapons
  3658 | D:5      | Gained mutation: Your flesh is heat resistant. (rF+)
                  | [potion of mutation]
  3658 | D:5      | Gained mutation: You are clumsy. (Dex -2) [potion of
                  | mutation]
  3658 | D:5      | Gained mutation: You passively dampen the noise of your
                  | surroundings. [potion of mutation]
  3676 | D:5      | Found a burning altar of Makhleb.
  3944 | D:6      | Reached ** piety under Ashenzari
  3996 | D:6      | Identified the +5 rapier of Vanity {distort, *Corrode rF+
                  | rC+}
  4033 | D:6      | Noticed a water moccasin
  4039 | D:6      | Killed a water moccasin
  4040 | D:6      | Reached skill level 5 in Fighting
  4040 | D:6      | Reached XP level 8. HP: 39/62 MP: 8/8
  4166 | D:6      | Reached skill level 5 in Shields
  4167 | D:6      | Found a glowing drain.
  4182 | Sewer    | Entered a sewer
  4216 | Sewer    | Reached skill level 1 in Short Blades
  4216 | Sewer    | Reached skill level 5 in Armour
  4765 | D:6      | Reached *** piety under Ashenzari
  5284 | D:7      | Reached skill level 5 in Axes
  5528 | D:7      | Found an opulent altar of Gozag.
  5528 | D:7      | Found a sparkling altar of Nemelex Xobeh.
  5700 | D:7      | Reached XP level 9. HP: 62/72 MP: 9/9
  6979 | D:8      | Noticed Prince Ribbit
  6985 | D:8      | Killed Prince Ribbit
  7150 | D:8      | Found an ornate altar of the Wu Jian Council.
  7362 | D:8      | Reached XP level 10. HP: 17/80 MP: 10/10
  7575 | D:8      | Found a hide-covered altar of Uskayaw.
  7611 | D:8      | Reached **** piety under Ashenzari
  7703 | D:9      | Paralysed by a hornet for 3 turns
  7847 | D:9      | Noticed a two-headed ogre
  8103 | D:10     | Entered Level 10 of the Dungeon
  9294 | D:10     | Noticed a two-headed ogre
  9449 | D:10     | Killed a two-headed ogre
  9450 | D:10     | Reached skill level 5 in Short Blades
  9450 | D:10     | Reached skill level 5 in Ranged Weapons
  9573 | D:10     | Found a staircase to the Lair.
 10279 | D:10     | Identified the Collected Works on Frore Voltage
 11181 | Lair:1   | Entered Level 1 of the Lair of Beasts
 11182 | Lair:1   | Killed from afar by an electric eel

Illustrated notes

Levels and vault maps discovered:
D:1:      dpeg_arrival_round_c, layout_loops_ring, serial_bayou,
          serial_bayou_pond_a, serial_bayou_pond_c, serial_bayou_shore_a,
          serial_bayou_pond_a, serial_bayou_crossing, serial_bayou_lagoon_a,
          serial_shops, shop
D:2:      layout_rooms, st_stairs_8
D:3:      layout_basic, mainiacjoe_overflow_24_doors, grunt_ministairs_6,
          minivault_25, wad_rectangle_vault, uniq_robin
D:4:      layout_rooms, vehumet_crystals, minmay_temple_entry_hall,
          st_stairs_12, minmay_misc_feat_cross, ebering_dispersal_statue_hall
D:5:      layout_basic, nicolae_overflow_hidden_temple,
          mainiacjoe_overflow_small_starburst
D:6:      layout_basic, gup_sewer_entry_pipe
D:7:      layout_gridville, grunt_temple_overflow_opulence
D:8:      layout_rooms, nicolae_uskayaw_murder_on_the_dancefloor,
          kennysheep_mini_moat, uniq_prince_ribbit1
D:9:      layout_roguey
D:10:     layout_basic, erik_lair_island
Lair:1:   layout_layer_cave, lemuel_oklob_altar, infiniplex_staircase_pool,
          lemuel_fruit_fields, uniq_sonja, uniq_urug, uniq_nergalle

Skill      XL: |  1  2  3  4  5  6  7  8  9 10 |
---------------+-------------------------------+-----
Axes           | 3 4 5 6 |  6.9
Armour         | 4 5 6 7 |  7.2
Fighting       | 4 5 6 7 |  7.2
Shields        | 4 5 6 7 |  7.2
Ranged Weapons | 1 2 4 5 |  5.3
Short Blades   | 2 4 5 |  5.2

Action                     |  1- 3 |  4- 6 |  7- 9 | 10-12 || total
---------------------------+-------+-------+-------+-------++-------
  Melee: War axe           |    90 |   127 |    77 |       ||   294
         Rapier            |       |       |   177 |   146 ||   323
  Throw: Boomerang         |       |       |       |    11 ||    11
 Invoke: Curse Item        |       |     1 |     4 |     2 ||     7
    Use: Scroll            |       |     6 |     3 |     4 ||    13
         Potion            |       |       |     6 |     1 ||     7
 Armour: Scale mail        |    41 |    61 |   109 |    75 ||   286
  Dodge: Dodged            |    35 |    56 |   135 |    90 ||   316
  Block: Buckler           |    19 |    37 |    82 |    84 ||   222
